 Dungeon Crawl Stone Soup version 0.27.0-1-g7a089689b8 (webtiles) character file.

Game seed: 10244112930450615330

410 horus123 the Chopper (level 7, -4/53 HPs)
             Began as a Human Fighter on Aug 13, 2021.
             Slain by a centaur (5 damage)
             ... on level 4 of the Dungeon.
             The game lasted 00:07:10 (3659 turns).

horus123 the Chopper (Human Fighter)                Turns: 3659, Time: 00:07:11

Health: -4/53      AC: 14    Str: 18    XL:     7   Next: 13%
Magic:  7/7        EV:  7    Int:  8    God:
Gold:   154        SH:  9    Dex: 13    Spells: 6/6 levels left

rFire    . . .     SeeInvis .   a - +1 war axe
rCold    . . .     Faith    .   c - +0 kite shield
rNeg     . . .     Spirit   .   d - +0 plate armour
rPois    .         Reflect  .   o - +0 helmet
rElec    .         Harm     .   e - +0 cloak
rCorr    .         Rampage  .   (no gloves)
Will     .....                  (no boots)
Stlth    ..........             (no amulet)
HPRegen  0.17/turn              k - +4 ring of evasion
MPRegen  0.10/turn              (no ring)

@: no status effects
A: no striking features
a: no special abilities


You were on level 4 of the Dungeon.
You visited 1 branch of the dungeon, and saw 4 of its levels.

You collected 154 gold pieces.

Inventory:

Hand Weapons
 a - a +1 war axe (weapon)
Missiles
 j - 13 boomerangs (quivered)
Armour
 b - a +0 scale mail
 c - a +0 kite shield (worn)
 d - a +0 plate armour (worn)
 e - a +0 cloak (worn)
 o - a +0 helmet (worn)
Jewellery
 k - a +4 ring of evasion (left hand)
Wands
 l - a wand of digging (8)
Scrolls
 n - a scroll of teleportation
Potions
 f - 2 potions of ambrosia
 g - a potion of flight
 h - a potion of curing
 i - a potion of invisibility {unknown}
 p - a potion of lignification {unknown}


   Skills:
 + Level 3.8 Fighting
 + Level 5.4 Axes
 + Level 4.1 Armour
 + Level 0.1 Stealth
 + Level 3.9 Shields


You had 6 spell levels left.
You didn't know any spells.
Your spell library contained the following spells:

 Spells                   Type           Power      Damage    Failure   Level
 Stone Arrow              Conj/Erth      0%         3d7       100%        3
 Iron Shot                Conj/Erth      0%         9d1       100%        6
 Statue Form              Tmut/Erth      0%         N/A       100%        6


Dungeon Overview and Level Annotations

Branches:
Dungeon (4/15)
 Temple: D:4-7

Altars:
Okawaru

Shops:
D:1 (


Message History

The gnoll hits you but does no damage. The centaur closely misses you.
The centaur kicks you but does no damage.
You hit the centaur.
The centaur is severely wounded.
You block the centaur's attack. x2; The gnoll barely misses you.
The centaur hits you but does no damage.
You block the centaur's attack.
Unknown command.
You barely miss the centaur.
The centaur is severely wounded.
You block the centaur's attack. The centaur closely misses you.
The gnoll hits you but does no damage. You block the centaur's attack.
The centaur barely misses you. The gnoll barely misses you.
Unknown command.
You hit the centaur.
The centaur is severely wounded.
The centaur hits you but does no damage.
The centaur kicks you but does no damage.
You block the gnoll's attack. The centaur barely misses you.
The centaur closely misses you.
Unknown command.
You closely miss the centaur.
The centaur is severely wounded.
The centaur hits you.
* * * LOW HITPOINT WARNING * * *
The centaur kicks you but does no damage.
The gnoll closely misses you. The centaur barely misses you.
The centaur closely misses you. The gnoll hits you but does no damage.
You barely miss the centaur.
The centaur is severely wounded.
You block the centaur's attack.
The centaur kicks you but does no damage.
The centaur hits you.
* * * LOW HITPOINT WARNING * * *
The centaur kicks you.
* * * LOW HITPOINT WARNING * * *
The gnoll hits you from afar with a +0 spear.
* * * LOW HITPOINT WARNING * * *
The centaur hits you.
You die...

ยง.. ._.
.#... ...
.... . #
##... ..
..###.... .#
# ......##
..#. #..
.....#.....
#..#c.)g..#
#....@)..#
##.......#
#.........#
........#....
..........#
...
.....##....
.. ...#.
...... #
..### ....#..


You could see a centaur and a gnoll.

Vanquished Creatures
  Grinder (D:3)
  A howler monkey (D:3)
  Terence (D:3)
  An orc wizard (D:4)
  3 gnolls
  2 adders (D:2)
  A worm (D:2)
  A dart slug (D:4)
  5 orcs
  7 ball pythons
  6 endoplasms
  4 giant cockroaches
  7 goblins
  A hobgoblin (D:2)
  6 jackals (D:2)
  2 quokkas
  9 bats
  2 frilled lizards
  7 kobolds
  3 rats
70 creatures vanquished.

Notes
Turn   | Place    | Note
-------+----------+-------------------------------------------
     0 | D:1      | horus123 the Human Fighter began the quest for the Orb.
     0 | D:1      | Reached XP level 1. HP: 18/18 MP: 1/1
   174 | D:1      | Reached XP level 2. HP: 22/24 MP: 2/2
   400 | D:1      | Found Ynkihob's Antique Weapon Shoppe.
   590 | D:1      | Reached XP level 3. HP: 11/29 MP: 3/3
   609 | D:1      | Got the Almanac of the Mountains
  1178 | D:2      | Reached skill level 3 in Axes
  1580 | D:2      | Reached XP level 4. HP: 23/35 MP: 4/4
  1832 | D:2      | Found a faded altar of an unknown god.
  2439 | D:3      | Reached skill level 4 in Axes
  2439 | D:3      | Reached XP level 5. HP: 33/41 MP: 5/5
  2466 | D:3      | Noticed Terence
  2475 | D:3      | Killed Terence
  2645 | D:3      | Noticed Grinder
  2657 | D:3      | Killed Grinder
  2658 | D:3      | Reached skill level 5 in Axes
  2658 | D:3      | Reached XP level 6. HP: 10/48 MP: 6/6
  3598 | D:4      | Found an iron altar of Okawaru.
  3605 | D:4      | Reached XP level 7. HP: 53/53 MP: 7/7
  3659 | D:4      | HP: 1/53 [gnoll (6)]
  3659 | D:4      | Slain by a centaur

Illustrated notes

Levels and vault maps discovered:
D:1:      wheals_arrival_linesprint, layout_basic, serial_shops, shop
D:2:      layout_loops_ring, shapermc_ecumenical_altar_ellora,
          cheibrodos_gnoll_hut
D:3:      layout_basic, minmay_misc_feat_x, uniq_terence, uniq_grinder
D:4:      layout_cave_pools, mainiacjoe_overflow_catwalk,
          mainiacjoe_overflow_paths

Skill      XL: |  1  2  3  4  5  6 |
---------------+-------------------+-----
Axes           | 3 4 5 |  5.4
Armour         | 4 |  4.1
Fighting       | |  3.8
Stealth        | |  0.1
Shields        | |  3.9

Action                   |  1- 3 |  4- 6 |  7- 9 || total
-------------------------+-------+-------+-------++-------
Melee: War axe           |    84 |    98 |    29 ||   211
  Use: Scroll            |     2 |     3 |     2 ||     7
       Potion            |     1 |     1 |       ||     2
Armor: Scale mail        |    38 |       |       ||    38
       Plate armour      |    19 |    59 |    53 ||   131
       Skin              |     1 |       |       ||     1
Dodge: Dodged            |    19 |    25 |    36 ||    80
Block: Kite shield       |    59 |    43 |    38 ||   140
